 Dungeon Crawl Stone Soup version 0.30-a0-860-g512cf1e979 (webtiles) character file.

Game seed: 12594733075081128244

51982 Lobster4 the Thaumaturge (level 14, -3/118 HPs)
             Began as a Purple Draconian Conjurer on Mar 7, 2023.
             Was a High Priest of Okawaru.
             Slain by a skyshark (11 damage)
             ... on level 3 of the Lair of Beasts.
             The game lasted 01:22:21 (23212 turns).

Lobster4 the Thaumaturge (DrCj)                    Turns: 23212, Time: 01:22:21

Health: -3/118     AC: 17    Str: 24    XL:     14   Next: 25%
Magic:  26/27      EV: 14    Int: 22    God:    Okawaru [*****.]
Gold:   1948       SH:  7    Dex:  6    Spells: 18/32 levels left

rFire   + . .      SeeInvis .    a - +6 morningstar of Mordant Absolution {speed, Will+}
rCold   + + +      Faith    .    O - +1 buckler of Disguise {rElec rC+++ Str+3 Dex-4}
rNeg    . . .      Spirit   .    (body armour unavailable)
rPois   .          Reflect  .    (helmet restricted)
rElec   +          Rampage  .    D - scarf {rC+ rF+}
rCorr   .                        N - +2 pair of gloves of the Saviour {Str+4}
Will    +++..                    z - +1 pair of boots
Stlth   ++++                     G - amulet of regeneration
HPRegen 1.19/turn                m - +6 ring of strength
MPRegen 0.20/turn                c - +4 ring of protection

@: about to teleport, heroic
A: breathe power, AC +8, unfitting armour, cold-blooded
a: Breathe Dispelling Energy, Renounce Religion, Heroism, Finesse, Duel


You were on level 3 of the Lair of Beasts.
You worshipped Okawaru.
Okawaru was extremely pleased with you.
You visited 3 branches of the dungeon, and saw 16 of its levels.
You also visited: Sewer.

You collected 2080 gold pieces.
You spent 132 gold pieces at shops.

Inventory:

Hand Weapons
 a - the +6 morningstar of Mordant Absolution (weapon) {speed, Will+}
   (You found it on level 10 of the Dungeon)

   Will:      It increases your willpower.
 b - the +0 broad axe "Huozoqink" {flame, rElec rF- rCorr Dex+3}
   (You found it on level 10 of the Dungeon)

   Dex:       It affects your dexterity (+3).
   rF:        It makes you vulnerable to fire.
   rElec:     It insulates you from electricity.
   rCorr:     It protects you from acid and corrosion.
 l - a +0 sling
 w - a +5 falchion of freezing
 C - a +1 whip of freezing
 H - a +0 hammer of venom
 I - a +3 hammer of protection
Missiles
 h - 5 boomerangs
 j - 3 curare-tipped darts
 r - 7 poisoned darts (quivered)
 v - 6 javelins
 F - 4 throwing nets
Armour
 f - a +1 cloak
 z - a +1 pair of boots (worn)
 D - a scarf of resistance (worn)
 N - the +2 pair of gloves of the Saviour (worn) {Str+4}
   (Okawaru gifted it to you on level 8 of the Dungeon)

   Str:       It affects your strength (+4).
 O - the +1 buckler of Disguise (worn) {rElec rC+++ Str+3 Dex-4}
   (Okawaru gifted it to you on level 2 of the Lair of Beasts)

   Str:       It affects your strength (+3).
   Dex:       It affects your dexterity (-4).
   rC:        It renders you almost immune to cold.
   rElec:     It insulates you from electricity.
Jewellery
 c - a +4 ring of protection (right hand)
 m - a +6 ring of strength (left hand)
 p - a ring of positive energy
 y - a ring of ice
 G - an amulet of regeneration (around neck)
 P - a ring of fire
Wands
 d - a wand of acid (5)
 e - a wand of polymorph (14)
Scrolls
 g - 5 scrolls of enchant weapon
 o - 6 scrolls of teleportation
 q - 2 scrolls of silence
 J - 7 scrolls of identify
 K - a scroll of fog
 M - a scroll of poison
Potions
 k - 4 potions of curing
 n - 8 potions of brilliance
 t - 3 potions of heal wounds
 u - 2 potions of cancellation
 x - a potion of magic
 A - 3 potions of lignification
 B - 2 potions of might
 E - 2 potions of mutation
Miscellaneous
 s - a condenser vane (inert)


   Skills:
 + Level 9.6(14.6) Fighting
 - Level 7.0(12.0) Maces & Flails
 - Level 2.0(7.0) Polearms
 - Level 2.0(7.0) Throwing
 + Level 8.3(13.3) Dodging
 - Level 6.0(11.0) Stealth
 - Level 7.0(12.0) Shields
 + Level 9.9 Spellcasting
 + Level 9.8 Conjurations
 + Level 9.0 Hexes
 + Level 2.0 Translocations
 + Level 8.8 Invocations
 - Level 4.0 Evocations


You had 18 spell levels left.
You knew the following spells:

 Your Spells              Type           Power      Damage    Failure   Level
a - Magic Dart            Conj           100%       1d8       1%          1
b - Searing Ray           Conj           100%       2d8       1%          2
c - Dazzling Flash        Conj/Hex       100%       N/A       1%          3
d - Fulminant Prism       Conj/Hex       25%        3d14      1%          4
e - Iskenderun's Mystic   Conj/Tloc      37%        2d9       6%          4

Your spell library contained the following spells:

 Spells                   Type           Power      Damage    Failure   Level
 Static Discharge         Conj/Air       64%        2-5/arc   1%          2
 Hailstorm                Conj/Ice       32%        3d8       3%          3
 Mephitic Cloud           Conj/Pois/Air  25%        N/A       5%          3
 Freeze                   Ice            40%        1d6       8%          1
 Necrotise                Necr           40%        1d6       8%          1
 Vhi's Electric Charge    Tloc/Air       30%        N/A       14%         3
 Frozen Ramparts          Ice            20%        1d4       22%         3
 Vampiric Draining        Necr           10%        2d6       22%         3
 Arcjolt                  Conj/Air       16%        1d26      26%         5
 Lightning Bolt           Conj/Air       16%        1d30      26%         5
 Agony                    Necr           10%        N/A       90%         5
 Call Imp                 Summ           Unusable   N/A       N/A         2

Dungeon Overview and Level Annotations

Branches:
Dungeon (11/15)            Temple (0/1) D:6            Lair (4/5) D:8
  Swamp (0/4) Lair:3        Snake (0/4) Lair:3          Orc (1/2) D:10
  Sewer (visited)
  Slime: Lair:4-5

Altars:
Ashenzari
Cheibriados
Elyvilon
Fedhas
Gozag
Hepliaklqana
Okawaru
Sif Muna
Uskayaw
Wu Jian
Xom
Zin

Shops:
D:6 !   D:7 (


Innate Abilities, Weirdness & Mutations

You can breathe bolts of dispelling energy.
Your rich purple scales are hard. (AC +8)
You cannot fit into any form of body armour.
You are cold-blooded and may be slowed by cold attacks.


Message History

You miss the basilisk.
The basilisk is severely wounded.
The skyshark closely misses you.
The skyshark tail-slaps you but does no damage. x2
You hit the basilisk. You tail-slap the basilisk.
You kill the basilisk!
Okawaru accepts your kill. The death yak gores you! The skyshark bites you!
The skyshark tail-slaps you but does no damage. x2
Your Translocations skill increases to level 2!
You hit the skyshark.
Your tail-slap misses the skyshark.
The skyshark is lightly wounded.
The skyshark misses you. You block the skyshark's attack.
The skyshark closely misses you. The death yak gores you!
You puncture the skyshark!
The skyshark is lightly wounded.
You hit the skyshark.
The skyshark is lightly wounded.
You block the skyshark's attack. x2; The skyshark closely misses you.
The death yak closely misses you.
You hit the skyshark.
The skyshark is lightly wounded.
The skyshark bites you but does no damage.
The skyshark closely misses you. The skyshark tail-slaps you.
You puncture the skyshark!
Your tail-slap misses the skyshark.
The skyshark is moderately wounded.
The skyshark bites you! The skyshark misses you.
You block the skyshark's attack.
The death yak gores you but does no damage.
You bludgeon the skyshark!!
The skyshark is heavily wounded.
The skyshark bites you!
* * * LOW HITPOINT WARNING * * *
The skyshark completely misses you. The skyshark tail-slaps you!
* * * LOW HITPOINT WARNING * * *
As you read the scroll of teleportation, it crumbles to dust.
You feel strangely unstable. The death yak gores you!
* * * LOW HITPOINT WARNING * * *
The skyshark bites you!
You die...

####....###.## #P.......[......†
#..#####...## #..##.#...#.#....
##.# ##...# ##..########.....
#.## #.### #...P# #..... ##..#
#.# ##.### ##.... #..## #.##
##..# #..... #..## #..####..##
##.... ##..# #.#..#†#.# #....
#...## ##....l@..##########.... #
##.#.###.......Y.#.#...##...... #
#..................<..........
####.............................
.)..........†....†...............
.................................
..†...................##..#####.#
..>..................P.##.# ###
.....#.#'##.+###.......#### #


You could see a skyshark (berserk) and a death yak.

Vanquished Creatures
  Harold (Lair:1)
  2 hydras
  Erica (Lair:1)
  A boulder beetle (D:11)
  A two-headed ogre (D:11)
  13 death yaks
  Sonja (Lair:1)
  Pikel (D:6)
  An orange crystal statue (D:10)
  An orc sorcerer (D:10)
  2 cyclopes (D:11)
  4 elephants (Lair:3)
  2 black mambas
  Maggie (D:8)
  4 cane toads
  2 rime drakes
  An unseen horror (D:10)
  8 komodo dragons
  A kobold demonologist (D:9)
  A troll (D:11)
  A polar bear (Lair:3)
  Prince Ribbit (D:4)
  A slime creature (D:11)
  Sigmund (D:2)
  A wraith (D:10)
  2 shadows (D:11)
  2 wyverns (Lair:3)
  16 yaks
  4 basilisks
  A steam dragon (D:7)
  Grum (D:9)
  A warg (D:10)
  25 water moccasins
  4 nagas (Lair:3)
  4 acid dragons
  Duvessa (D:4)
  Pargi (Sewer)
  8 orc warriors
  2 ice beasts
  A sky beast (D:8)
  3 black bears
  2 ogres
  11 wolves
  A centaur (D:9)
  2 lemures (D:6)
  3 phantoms (D:5)
  A kobold brigand (D:11)
  12 bullfrogs
  A gnoll sergeant (D:7)
  3 scorpions
  19 wights
  Dowan (D:4)
  8 killer bees
  6 howler monkeys
  9 electric eels
  A jelly (D:6)
  10 orc priests
  A gnoll bouda (D:7)
  2 hounds
  Crazy Yiuf (D:6)
  12 orc wizards
  12 iguanas
  Robin (D:4)
  21 gnolls
  15 adders
  A shadow imp (D:6)
  2 white imps (D:5)
  An ufetubus (D:6)
  2 worms
  3 dart slugs
  47 orcs
  5 bats
  7 endoplasms
  10 giant cockroaches
  13 goblins
  11 hobgoblins
  4 quokkas
  8 ball pythons
  6 frilled lizards
  3 kobolds
  6 rats
  A bush (D:10)
415 creatures vanquished.

Vanquished Creatures (others)
  A killer bee (D:11)
  73 fulminant prisms
  17 fungi
  17 plants
108 creatures vanquished.

Grand Total: 523 creatures vanquished

Notes
Turn   | Place    | Note
-------+----------+-------------------------------------------
     0 | D:1      | Lobster4 the Draconian Conjurer began the quest for the
                  | Orb.
     0 | D:1      | Reached XP level 1. HP: 14/14 MP: 3/3
   318 | D:1      | Reached XP level 2. HP: 22/22 MP: 0/5
   321 | D:1      | Learned a level 2 spell: Searing Ray
   975 | D:2      | Reached skill level 1 in Fighting
  1120 | D:2      | Reached XP level 3. HP: 28/28 MP: 1/6
  1595 | D:2      | Noticed Sigmund
  2462 | D:3      | Reached XP level 4. HP: 35/35 MP: 0/7
  2540 | D:3      | Reached skill level 1 in Polearms
  2747 | D:3      | Found an iron altar of Okawaru.
  2750 | D:3      | Became a worshipper of Warmaster Okawaru
  2994 | D:3      | Found an opulent altar of Gozag.
  3068 | D:3      | Found a snail-covered altar of Cheibriados.
  3175 | D:3      | Found a blossoming altar of Fedhas.
  3431 | D:4      | Reached XP level 5. HP: 41/41 MP: 3/9
  3454 | D:4      | Noticed Duvessa
  3455 | D:4      | Noticed Dowan
  3683 | D:4      | Found a glowing drain.
  3694 | Sewer    | Entered a sewer
  3923 | Sewer    | Noticed Pargi
  3944 | Sewer    | Killed Pargi
  3945 | Sewer    | Reached skill level 1 in Invocations
  3945 | Sewer    | Reached XP level 6. HP: 38/48 MP: 3/10
  4331 | D:4      | Found a hazy altar of Hepliaklqana.
  4508 | D:4      | Identified the +1 helmet of the Untouchables {rPois rF-
                  | Regen+}
  4629 | D:5      | Entered Level 5 of the Dungeon
  4636 | D:4      | Reached skill level 1 in Throwing
  4742 | D:5      | Reached * piety under Okawaru
  4743 | D:5      | Reached skill level 1 in Shields
  4917 | D:5      | Found a white marble altar of Elyvilon.
  5015 | D:5      | Your scales start taking on a rich purple colour.
  5015 | D:5      | Reached XP level 7. HP: 28/56 MP: 2/12
  5066 | D:4      | Learned a level 3 spell: Dazzling Flash
  5386 | D:5      | Reached skill level 5 in Conjurations
  5411 | D:5      | Noticed Prince Ribbit
  5918 | D:5      | Reached skill level 1 in Hexes
  5918 | D:5      | Reached skill level 1 in Evocations
  6329 | D:6      | Noticed Pikel
  6336 | D:6      | Killed Pikel
  6336 | D:6      | Reached ** piety under Okawaru
  6337 | D:6      | Reached XP level 8. HP: 66/66 MP: 10/15
  6609 | D:6      | Found Kedd's Distillery.
  6614 | D:6      | Bought a potion of might for 48 gold pieces
  6652 | D:6      | Reached *** piety under Okawaru
  6653 | D:6      | Reached skill level 5 in Spellcasting
  6862 | D:6      | Identified the +1 leather armour of Plog {Harm Rampage rF+
                  | rN+}
  6895 | D:6      | Reached skill level 1 in Maces & Flails
  6959 | D:6      | Found a staircase to the Ecumenical Temple.
  7179 | D:6      | Found a broken altar of Ashenzari.
  7371 | D:6      | Found a runed translucent door.
  7372 | D:6      | Noticed Crazy Yiuf
  7381 | D:6      | Killed Crazy Yiuf
  7563 | D:7      | Reached XP level 9. HP: 71/71 MP: 10/16
  7625 | D:7      | Found Rarip's Antique Weapon Emporium.
  7811 | D:7      | Found an ornate altar of the Wu Jian Council.
  8674 | D:7      | Found a hide-covered altar of Uskayaw.
  8858 | D:7      | Reached **** piety under Okawaru
  9566 | D:8      | Noticed a death yak
  9568 | D:8      | Noticed a death yak
  9569 | D:8      | Noticed a death yak
  9619 | D:8      | Found a staircase to the Lair.
  9620 | D:8      | Noticed a death yak
  9620 | D:8      | Noticed a death yak
 10324 | D:7      | Killed a death yak
 10325 | D:7      | Reached skill level 5 in Fighting
 10455 | D:7      | Learned a level 4 spell: Fulminant Prism
 10505 | D:7      | Killed a death yak
 10506 | D:7      | Reached XP level 10. HP: 36/81 MP: 2/19
 10885 | D:8      | Found a shimmering blue altar of Sif Muna.
 11040 | D:8      | Identified a scroll of acquirement
 11040 | D:8      | Acquired 919 gold pieces
 11156 | D:8      | Noticed Maggie
 11166 | D:8      | Killed Maggie
 11167 | D:8      | Reached skill level 5 in Dodging
 11919 | D:9      | Found a glowing silver altar of Zin.
 12008 | D:9      | Noticed Grum
 12021 | D:9      | Killed Grum
 12209 | D:9      | Reached skill level 5 in Invocations
 12256 | D:9      | Reached skill level 5 in Shields
 12256 | D:9      | Reached skill level 5 in Hexes
 12404 | D:9      | Reached ***** piety under Okawaru
 12743 | D:9      | Found a shimmering altar of Xom.
 12743 | D:9      | Found a shimmering altar of Xom.
 12751 | D:9      | Found a shimmering altar of Xom.
 12753 | D:9      | Found a shimmering altar of Xom.
 12753 | D:9      | Found a shimmering altar of Xom.
 12753 | D:9      | Found a shimmering altar of Xom.
 12753 | D:9      | Found a shimmering altar of Xom.
 12756 | D:9      | Found a shimmering altar of Xom.
 12917 | D:10     | Entered Level 10 of the Dungeon
 14192 | D:10     | Found a staircase to the Orcish Mines.
 14472 | D:10     | Noticed an orange crystal statue
 14511 | D:10     | Killed an orange crystal statue
 14512 | D:10     | Reached XP level 11. HP: 91/91 MP: 6/21
 14615 | D:10     | Identified the +6 morningstar of Mordant Absolution {speed,
                  | Will+}
 14623 | D:10     | Identified the +0 broad axe "Huozoqink" {flame, rElec rF-
                  | rCorr Dex+3}
 14629 | D:10     | Identified the amulet "Yfus" {Spirit +Inv Will++ Str+3
                  | Slay-4}
 14634 | D:10     | Identified the +1 great mace "Singaplito" {pain, rC- rCorr
                  | Int+4 Stlth+}
 15891 | D:11     | Noticed a two-headed ogre
 16035 | D:11     | Noticed a boulder beetle
 16069 | D:11     | Killed a boulder beetle
 16069 | D:11     | Received a gift from Okawaru
 16257 | D:11     | Killed a two-headed ogre
 16258 | D:11     | Reached skill level 5 in Maces & Flails
 16541 | D:11     | Reached ****** piety under Okawaru
 16991 | D:8      | Killed a death yak
 17035 | D:7      | Killed a death yak
 17060 | D:8      | Killed a death yak
 17102 | D:8      | Identified the +2 pair of gloves of the Saviour {Str+4}
                  | (Okawaru gifted it to you on level 8 of the Dungeon)
 17102 | D:8      | Received a gift from Okawaru
 17332 | D:4      | Killed Prince Ribbit
 17341 | D:4      | Killed Duvessa
 17349 | D:4      | Killed Dowan
 17379 | D:4      | Noticed Robin
 17398 | D:4      | Killed Robin
 17491 | D:2      | Killed Sigmund
 17776 | Orc:1    | Entered Level 1 of the Orcish Mines
 17783 | Orc:1    | Noticed an orc sorcerer
 17787 | Orc:1    | Noticed an orc warlord
 17787 | Orc:1    | Noticed an orc sorcerer
 17804 | D:10     | Killed an orc sorcerer
 17807 | D:10     | Reached XP level 12. HP: 74/100 MP: 2/24
 17926 | Lair:1   | Entered Level 1 of the Lair of Beasts
 17926 | Lair:1   | Found the +4 robe of Folly {Brill Will-∞ Int+8}
 18206 | Lair:1   | Noticed Sonja
 18416 | Lair:1   | HP: 5/101 [Sonja/+2 short sword of venom (4)]
 18421 | Lair:1   | Killed Sonja
 18543 | Lair:1   | Noticed a death yak
 18543 | Lair:1   | Noticed a death yak
 18543 | Lair:1   | Noticed a death yak
 18563 | Lair:1   | Killed a death yak
 18739 | Lair:1   | Noticed a seven-headed hydra
 18800 | Lair:1   | Noticed a death yak
 18804 | Lair:1   | Killed a seven-headed hydra
 18870 | D:8      | Killed a death yak
 18924 | D:8      | Killed a death yak
 19020 | Lair:1   | Noticed a death yak
 19030 | Lair:1   | Noticed a death yak
 19040 | Lair:1   | Killed a death yak
 19049 | D:8      | Killed a death yak
 19049 | D:8      | Received a gift from Okawaru
 19151 | D:8      | Reached skill level 5 in Stealth
 19151 | D:8      | Reached XP level 13. HP: 108/108 MP: 24/26
 19287 | D:6      | Bought a potion of curing for 36 gold pieces
 19287 | D:6      | Bought a potion of might for 48 gold pieces
 19536 | Lair:1   | Noticed Harold
 19578 | Lair:1   | Killed Harold
 19754 | Lair:1   | Noticed Erica
 19773 | Lair:1   | Killed Erica
 20157 | Lair:2   | Identified the +1 buckler of Disguise {rElec rC+++ Str+3
                  | Dex-4} (Okawaru gifted it to you on level 2 of the Lair of
                  | Beasts)
 20157 | Lair:2   | Received a gift from Okawaru
 20353 | Lair:2   | You fall into a shaft and drop 1 floor!
 21321 | Lair:3   | Reached XP level 14. HP: 110/118 MP: 13/27
 21536 | Lair:3   | Found a staircase to the Snake Pit.
 21580 | Lair:3   | Learned a level 4 spell: Iskenderun's Mystic Blast
 21774 | Lair:3   | Found a staircase to the Swamp.
 22342 | Lair:3   | Reached skill level 1 in Translocations
 23212 | Lair:3   | Slain by a skyshark

Illustrated notes

Levels and vault maps discovered:
D:1:      minmay_arrival_semitransparent, layout_loops_ring
D:2:      layout_basic, grunt_ministairs_6, uniq_sigmund
D:3:      layout_rooms, okawaru_metal_pillars_1_2, kennysheep_slug_shrine,
          nicolae_gozag_seed_capital, mainiacjoe_overflow_24_doors
D:4:      layout_gridville, lemuel_doored_altar, portal_sewer_entry_a,
          uniq_robin, uniq_duvessa
D:5:      layout_cave_pools, amcnicky_altar_gilded, uniq_prince_ribbit1
D:6:      layout_loops_corners, mainiacjoe_overflow_surrounded_room,
          minmay_temple_entry_junction, serial_shops, nicolae_shop_hallway_plus,
          uniq_pikel, uniq_crazy_yiuf_cottage
D:7:      layout_basic, mainiacjoe_overflow_small_starburst,
          nzn_wu_jian_council_hall, nicolae_inconvenience_store
D:8:      layout_rooms, led_sif_pool, dpeg_lair_monsters, uniq_maggie
D:9:      layout_loops_ring, xom_redecorated, zin_statuary, uniq_grum
D:10:     layout_layer_cave, erik_orc_2, st_stairs_6,
          hangedman_decor_diamond_cutter, kennysheep_decorative_pillar,
          minmay_protected_statue
D:11:     kennysheep_ambush_hall, layout_cave_pools,
          chequers_hall_statues_corner_a, hangedman_abyss_or_decor_lesser_grid
Lair:1:   beast_lair_carwin_large_4, layout_regular_city,
          nicolae_quartered_pool_little, dreamdust_deal_with_the_devil,
          small_statue_intersection, grunt_forest_small_clearing_treed,
          uniq_sonja, uniq_erica, uniq_harold
Lair:2:   layout_gridlike
Lair:3:   lemuel_reptile_caves, layout_chaotic_city, swamp_mist_pool,
          minmay_snake_entry_guardpost_small
Lair:4:   layout_small_grid, enter_volcano_2, evilmike_ambush
          [evilmike_ambush_outer_corners, evilmike_ambush_inner_basic],
          grunt_megastairs_1
Orc:1:    layout_caves, uniq_erolcha

Skill      XL: |  1  2  3  4  5  6  7  8  9 10 11 12 13 14 |
---------------+-------------------------------------------+-----
Stealth        | 2 3 4 5 6 |  6.0
Dodging        | 2 3 4 5 6 7 8 |  8.3
Fighting       | 1 2 3 4 5 6 7 8 9 |  9.6
Polearms       | 1 2 |  2.0
Invocations    | 1 3 4 5 7 8 |  8.8
Spellcasting   | 3 4 5 6 7 8 9 |  9.9
Throwing       | 1 2 |  2.0
Shields        | 1 2 3 4 5 6 7 |  7.0
Conjurations   | 5 6 7 8 9 |  9.8
Hexes          | 2 3 4 5 6 8 9 |  9.0
Evocations     | 2 3 4 |  4.0
Maces & Flails | 1 3 4 5 7 |  7.0
Translocations | 2 |  2.0

Action                     |  1- 3 |  4- 6 |  7- 9 | 10-12 | 13-15 || total
---------------------------+-------+-------+-------+-------+-------++-------
  Melee: Unarmed           |     9 |       |       |       |       ||     9
         Tailslap          |     4 |     3 |     5 |    66 |    39 ||   117
         Dagger            |    21 |       |       |       |       ||    21
         Spear             |     2 |    25 |    12 |       |       ||    39
         Whip              |       |       |     8 |    30 |       ||    38
         Mace              |       |       |       |    60 |       ||    60
         Punch             |       |       |       |     1 |       ||     1
         Morningstar       |       |       |       |   258 |   235 ||   493
         Broad axe         |       |       |       |    35 |       ||    35
  Throw: Dart              |       |    13 |    22 |    66 |    38 ||   139
         Boomerang         |       |       |   115 |    13 |       ||   128
         Javelin           |       |       |     2 |     6 |     1 ||     9
   Cast: Magic Dart        |    78 |    67 |    72 |    74 |    75 ||   366
         Searing Ray       |     4 |    30 |    74 |    77 |    25 ||   210
         Fulminant Prism   |       |       |       |    53 |    20 ||    73
         Dazzling Flash    |       |       |       |    13 |     6 ||    19
         Iskenderun's Myst |       |       |       |       |     3 ||     3
 Invoke: Heroism           |       |       |       |     3 |     1 ||     4
  Evoke: Wand              |       |       |    14 |    12 |       ||    26
         Condenser vane    |       |       |       |       |     1 ||     1
    Use: Scroll            |     4 |     6 |     6 |    13 |     4 ||    33
         Potion            |       |     3 |     2 |     8 |       ||    13
   Stab: Invisible         |       |     2 |       |     6 |     4 ||    12
         Sleeping          |       |       |       |       |     2 ||     2
 Armour: Skin              |    23 |    44 |    28 |   212 |   137 ||   444
  Dodge: Dodged            |    26 |    62 |    39 |   332 |   135 ||   594
  Block: Buckler           |       |       |       |   102 |    82 ||   184

Table legend: (Time is in decaauts)
 A = Elapsed time spent in this place.
 B = Non-inter-level travel time spent in this place.
 C = Inter-level travel time spent in this place.
 D = Time resting spent in this place.
 E = Time spent auto-exploring this place.
 F = Levels seen in this place.
 G = Mean time per level.
                   A        B        C        D        E       F      G
               +--------+--------+--------+--------+--------+-----+--------+
         Total |  23256 |  21564 |   1692 |   4238 |  12294 |  17 | 1368.0 |
       Dungeon |  18158 |  16611 |   1547 |   3728 |   9121 |  11 | 1650.7 |
          Lair |   4683 |   4539 |    144 |    368 |   2984 |   4 | 1170.8 |
  Orcish Mines |     14 |     14 |      0 |      0 |      0 |   1 |   14.0 |
         Sewer |    399 |    399 |      0 |    142 |    187 |   1 |  399.0 |
               +--------+--------+--------+--------+--------+-----+--------+

Top non-repeatable levels by time:
     D:7: 3070 daAuts
    D:10: 2996 daAuts
  Lair:3: 1879 daAuts
     D:4: 1857 daAuts
     D:8: 1737 daAuts
  Lair:1: 1649 daAuts
     D:6: 1474 daAuts
     D:9: 1403 daAuts
     D:2: 1339 daAuts
     D:3: 1211 daAuts
    D:11: 1172 daAuts
  Lair:2: 1063 daAuts
     D:1: 962 daAuts
     D:5: 933 daAuts
   Sewer: 399 daAuts
